 Dungeon Crawl Stone Soup version 0.23-a0-629-gae4348f6cf (webtiles) character file.

88 HereIgoKillingAgain the Bolt Thrower (level 4, -2/26 HPs)
             Began as a Kobold Hunter on Dec 25, 2018.
             Slain by Crazy Yiuf
             ... wielding a +4 quarterstaff of chaos
              (6 damage)
             ... on level 2 of the Dungeon.
             The game lasted 00:01:50 (2222 turns).

HereIgoKillingAgain the Bolt Thrower (KoHu)         Turns: 2222, Time: 00:01:51

Health: -2/26      AC:  4    Str:  9    XL:     4   Next: 82%
Magic:  13/13      EV: 14    Int: 12    God:
Gold:   142        SH:  0    Dex: 16    Spells: 3/3 levels left

rFire    . . .     SeeInvis .   b - +0 short sword
rCold    . . .     Gourm    .   (shield restricted)
rNeg     . . .     Faith    .   c - +0 leather armour
rPois    .         Spirit   .   (no helmet)
rElec    .         Reflect  .   j - +0 cloak
rCorr    .         Harm     .   (no gloves)
MR       .....                  (no boots)
Stlth    +.........             (no amulet)
HPRegen  0.08/turn              g - ring of magical power
MPRegen  0.13/turn              i - ring of attention

@: flying, very slightly contaminated, invisible
A: small, carnivore
a: no special abilities


You were on level 2 of the Dungeon.
You were near starving.

You visited 1 branch of the dungeon, and saw 2 of its levels.

You collected 142 gold pieces.

Inventory:

Hand Weapons
 a - a +1 hand crossbow
 b - a +0 short sword (weapon)
Armour
 c - a +0 leather armour (worn)
 j - a +0 cloak (worn)
Jewellery
 g - a ring of magical power (left hand)
 i - a ring of attention (right hand)
 p - an uncursed ring of protection from cold {unknown}
Wands
 n - a wand of disintegration (18)
Scrolls
 e - 2 scrolls of remove curse
 h - a scroll of identify {unknown}
 l - a scroll of fear {unknown}
 q - a scroll of amnesia {unknown}
Comestibles
 f - 3 rations


   Skills:
 - Level 2.1 Fighting
 + Level 7.0 Crossbows
 - Level 2.4 Dodging
 - Level 1.3 Stealth


You had 3 spell levels left.
You didn't know any spells.
Your spell library was empty.

Dungeon Overview and Level Annotations

Branches:
Dungeon (2/15)

Altars:

Annotations:
D:2 Crazy Yiuf


Innate Abilities, Weirdness & Mutations

You are small and have problems with some larger weapons.
You are carnivorous and can eat meat at any time.


Message History

Crazy Yiuf is moderately wounded.
Crazy Yiuf misses you.
You hit Crazy Yiuf but do no damage.
Crazy Yiuf is moderately wounded.
Crazy Yiuf closely misses you.
You hit Crazy Yiuf.
Crazy Yiuf is heavily wounded.
Crazy Yiuf closely misses you.
You hit Crazy Yiuf.
Crazy Yiuf is severely wounded.
Crazy Yiuf cries, "Two!
Hack hand horse."
Crazy Yiuf closely misses you.
You strike the helpless Crazy Yiuf from behind!
You hit Crazy Yiuf but do no damage.
Crazy Yiuf is severely wounded.
You hit Crazy Yiuf.
Crazy Yiuf is severely wounded.
Crazy Yiuf whimpers, "Earwax!"
Crazy Yiuf hits you with a +4 quarterstaff of chaos.
You die...

≈≈≈≈..# ..≈≈≈.######
...≈.......#
.....#####.# #####
.....# #.# #)(.#
.....#####.# #.(.#
...........# §§§
......####.# #g#
#####.# ### #@## .#
#.# ##§# ## #.# #§##
# #.# ##§# # #.#
##.## # #.# ##...#
#.# #....# #.#
#....#
#####.##########..##


You could see Crazy Yiuf.

Vanquished Creatures
  4 adders (D:2)
  An ooze (D:1)
  A worm (D:2)
  2 dart slugs (D:1)
  2 leopard geckos (D:2)
  A giant cockroach (D:1)
  11 hobgoblins
  A quokka (D:2)
  7 bats (D:1)
  2 frilled lizards
  5 goblins
  A kobold (D:2)
38 creatures vanquished.

Notes
Turn   | Place    | Note
-------+----------+-------------------------------------------
     0 | D:1      | HereIgoKillingAgain the Kobold Hunter began the quest for
                  | the Orb.
     0 | D:1      | Reached XP level 1. HP: 12/12 MP: 1/1
    87 | D:1      | Reached skill level 5 in Crossbows
   142 | D:1      | Reached XP level 2. HP: 15/17 MP: 2/2
   331 | D:1      | Reached XP level 3. HP: 21/21 MP: 3/3
   433 | D:1      | Reached skill level 6 in Crossbows
  1382 | D:2      | Reached XP level 4. HP: 26/26 MP: 4/4
  1450 | D:2      | Found a runed door.
  1806 | D:2      | Reached skill level 7 in Crossbows
  2197 | D:2      | Noticed Crazy Yiuf
  2222 | D:2      | Slain by Crazy Yiuf

Vault maps used:
D:1:      grunt_arrival_lava_bath, st_stairs_5
D:2:      serial_rivers, chequers_serial_rivers_small_a,
          chequers_serial_rivers_room_a, chequers_serial_rivers_room_a,
          chequers_serial_rivers_room_b, chequers_serial_rivers_micro_c,
          chequers_serial_rivers_room_a, uniq_crazy_yiuf_cottage

Skill      XL: |  1  2  3  4 |
---------------+-------------+-----
Crossbows      | 5 6 7 |  7.0
Fighting       | |  2.1
Dodging        | |  2.4
Stealth        | |  1.3

Action                   |  1- 3 |  4- 6 || total
-------------------------+-------+-------++-------
Melee: Short sword       |       |    10 ||    10
 Fire: Hand crossbow     |    69 |    35 ||   104
  Use: Scroll            |     3 |     2 ||     5
       Potion            |       |     2 ||     2
 Stab: Invisible         |       |     1 ||     1
  Eat: Chunk             |     2 |       ||     2
Armor: Leather armour    |     7 |     2 ||     9
Dodge: Dodged            |    18 |    27 ||    45

Table legend:
 A = Non-vault XP
 B = Vault XP
 C = Vault XP percentage of total XP
 D = Non-vault monster count
 E = Vault monster count
 F = Vault count percentage of total count
                 A         B        C        D         E       F
            +---------+---------+-------+---------+---------+-------
      Total |     113 |      14 |  11.0 |      34 |       4 |  10.5
            +---------+---------+-------+---------+---------+-------
        D:1 |      33 |      14 |  29.8 |      18 |       4 |  18.2
        D:2 |      80 |       0 |   0.0 |      16 |       0 |   0.0
            +---------+---------+-------+---------+---------+-------
